 Dungeon Crawl Stone Soup version 0.29-a0-330-g52719c12eb (webtiles) character file.

Game seed: 14222290309568577086

3479 Alarak the Severer (level 10, -2/83 (93) HPs)
             Began as a Hill Orc Monk on Apr 21, 2022.
             Was a Believer of Ignis.
             Slain by a gnoll
             ... wielding a +1 halberd of draining
              (8 damage)
             ... in a bailey.
             The game lasted 00:26:16 (7259 turns).

Alarak the Severer (Hill Orc Monk)                  Turns: 7259, Time: 00:26:16

HP:   -2/83 (93)    AC: 14    Str: 19    XL:     10   Next: 7%
MP:   10/10         EV:  8    Int: 10    God:    Ignis [**....]
Gold: 402           SH:  0    Dex: 13    Spells: 9/9 levels left

rFire   + . .      SeeInvis .   a - +0 hand axe
rCold   . . .      Faith    .   (no shield)
rNeg    . . .      Spirit   .   q - +0 chain mail
rPois   .          Reflect  .   n - +0 helmet
rElec   .          Harm     .   t - +0 cloak
rCorr   .          Rampage  .   g - +0 pair of gloves
Will    .....                   k - +2 pair of boots
Stlth   ..........              e - amulet of regeneration
HPRegen 1.03/turn               (no ring)
MPRegen 0.12/turn               (no ring)

@: heavily drained
A: no striking features
a: Renounce Religion, Fiery Armour, Foxfire Swarm


You were in a bailey.
You worshipped Ignis.
Ignis was pleased with you.
You visited 1 branch of the dungeon, and saw 7 of its levels.
You also visited: Ossuary and Bailey.

You collected 402 gold pieces.

Inventory:

Hand Weapons
 a - a +0 hand axe (weapon)
 b - a +2 mace of holy wrath
 d - a +5 scimitar
 r - a +0 battleaxe
Armour
 g - a +0 pair of gloves (worn)
 k - a +2 pair of boots (worn)
 n - a +0 helmet (worn)
 q - a +0 chain mail (worn)
 t - a +0 cloak (worn)
 v - a +2 cloak
Jewellery
 e - an amulet of regeneration (around neck)
 l - a ring of magical power
 z - a +4 ring of protection
Wands
 u - a wand of iceblast (11)
 y - a wand of charming (10)
Scrolls
 o - 5 scrolls of teleportation
 w - a scroll of identify
Potions
 c - 2 potions of ambrosia
 f - a potion of flight
 h - 3 potions of curing
 i - 4 potions of brilliance
 j - a potion of resistance
 m - a potion of magic
 p - 8 potions of heal wounds
 s - 2 potions of invisibility {unknown}


   Skills:
 + Level 9.8 Fighting
 - Level 15.5 Axes
 - Level 2.4 Dodging
 - Level 1.5 Stealth


You had 9 spell levels left.
You didn't know any spells.
Your spell library contained the following spells:

 Spells                   Type           Power      Damage    Failure   Level
 Animate Skeleton         Necr           0%         N/A       99%         1
 Apportation              Tloc           0%         N/A       99%         1
 Summon Small Mammal      Summ           0%         N/A       99%         1
 Call Canine Familiar     Summ           0%         N/A       100%        3
 Summon Guardian Golem    Hex/Summ       0%         N/A       100%        3


Dungeon Overview and Level Annotations

Branches:
Dungeon (7/15)             Temple (0/1) D:5         Ossuary (visited)
 Bailey (1/1)

Altars:
Elyvilon
Fedhas
Hepliaklqana
Nemelex Xobeh
Okawaru
Vehumet
Ignis


Message History

You barely miss the orc knight.
You punch the orc knight, but do no damage.
The orc knight is lightly wounded.
The orc knight completely misses you. The gnoll barely misses you.
You hit the orc knight.
The orc knight is lightly wounded.
You hit the orc knight but do no damage.
The orc knight is lightly wounded.
The orc knight hits you with a +0 halberd!!
The gnoll barely misses you.
You slash the orc knight!
The orc knight is moderately wounded.
The orc knight hits you with a +0 halberd!
The gnoll barely misses you.
You slash the orc knight!
The orc knight is moderately wounded.
You hit the orc knight.
The orc knight is moderately wounded.
The orc knight hits you but does no damage.
The gnoll barely misses you.
You slash the orc knight!
The orc knight is heavily wounded.
You slash the orc knight!
The orc knight is severely wounded.
The orc knight hits you with a +0 halberd.
The gnoll hits you from afar with a +1 halberd of draining!
You feel drained.
You hit the orc knight.
The orc knight is severely wounded.
The orc knight hits you with a +0 halberd!
* * * LOW HITPOINT WARNING * * *
The gnoll hits you but does no damage.
You feel drained.
You closely miss the orc knight.
The orc knight is severely wounded.
You slash the orc knight!
The orc knight is severely wounded.
The orc knight hits you with a +0 halberd!!
* * * LOW HITPOINT WARNING * * *
The gnoll hits you from afar with a +1 halberd of draining!
You die...

##### #o@)##
#g###'##+##+
.g# ##.....#
!.!.
###.....#
+!.⌠g
#.'..⌠..+
#.!.!
###.....#
#!.!
##.....##
+##+
+###'##+##'##
#.#.## ##)#


You could see an orc knight and 2 gnolls.

Vanquished Creatures
  A two-headed ogre (D:6)
  4 yaks (D:5)
  Edmund (D:5)
  A water moccasin (D:6)
  A sky beast (D:3)
  A black bear (D:7)
  A centaur (D:6)
  A phantom (D:4)
  2 elf zombies (Ossuary)
  A necrophage (D:4)
  Blork the orc (D:4)
  3 scorpions
  A water moccasin zombie (D:5)
  4 wights (D:6)
  A wyvern skeleton (D:5)
  2 centaur zombies
  2 human zombies (Ossuary)
  2 jellies
  4 bullfrog zombies (D:5)
  5 hounds
  2 bullfrog skeletons (D:5)
  Ijyb (D:3)
  Jessica (D:2)
  An iguana (D:6)
  2 orc wizards (D:6)
  A scorpion zombie (D:5)
  A killer bee zombie (D:5)
  The ghost of Sapher the Insei, a weakling DjTm (D:3)
  A hound zombie (D:5)
  A hound skeleton (D:5)
  2 mummies (Ossuary)
  A howler monkey zombie (D:5)
  A howler monkey skeleton (D:5)
  8 adders
  6 gnolls (Bailey)
  A white imp (D:6)
  An ufetubus (D:6)
  An adder zombie (Ossuary)
  An adder skeleton (D:5)
  A worm (D:3)
  2 dart slugs
  10 orcs
  7 endoplasms
  A giant cockroach (D:1)
  5 goblins
  3 hobgoblins
  3 quokkas (D:3)
  6 ball pythons
  2 bats (D:1)
  11 frilled lizards
  2 goblin zombies (Ossuary)
  10 hobgoblin zombies (Ossuary)
  A jackal zombie (Ossuary)
  9 kobolds
  10 kobold zombies (Ossuary)
  6 orc zombies (Ossuary)
  5 rats
  2 rat zombies (Ossuary)
169 creatures vanquished.

Vanquished Creatures (collateral kills)
  3 foxfires (D:4)
3 creatures vanquished.

Vanquished Creatures (others)
  80 foxfires
  5 plants (D:1)
  5 toadstools (D:1)
  4 withered plants (D:5)
94 creatures vanquished.

Grand Total: 266 creatures vanquished

Notes
Turn   | Place    | Note
-------+----------+-------------------------------------------
     0 | D:1      | Alarak the Hill Orc Monk began the quest for the Orb.
     0 | D:1      | Reached XP level 1. HP: 19/19 MP: 1/1
   138 | D:1      | Reached XP level 2. HP: 26/26 MP: 2/2
   273 | D:1      | Reached skill level 5 in Axes
   473 | D:1      | Reached XP level 3. HP: 31/31 MP: 3/3
   914 | D:2      | Found a faded altar of an unknown god.
   923 | D:2      | Prayed at the altar of an unknown god.
   923 | D:2      | Became a worshipper of Ignis, the Dying Flame
   923 | D:2      | Reached ****** piety under Ignis
   955 | D:2      | You fall into a shaft and drop 1 floor!
   973 | D:2      | Noticed Jessica
   980 | D:2      | Killed Jessica
   981 | D:2      | Reached skill level 6 in Axes
  1502 | D:3      | Reached XP level 4. HP: 39/39 MP: 4/4
  1644 | D:3      | Found a radiant altar of Vehumet.
  1709 | D:3      | Noticed Sapher's ghost (weakling DjTm)
  1709 | D:3      | Noticed Ijyb
  1710 | D:3      | Found a transporter.
  1710 | D:3      | Noticed a sky beast
  1753 | D:3      | Killed Ijyb
  1754 | D:3      | Reached skill level 7 in Axes
  1762 | D:3      | Reached XP level 5. HP: 42/45 MP: 5/5
  1867 | D:3      | Found a transporter.
  2725 | D:3      | Found a transporter.
  2734 | D:3      | Found a transporter.
  2755 | D:3      | Killed a sky beast
  2756 | D:3      | Reached skill level 8 in Axes
  2756 | D:3      | Reached XP level 6. HP: 47/51 MP: 6/6
  2756 | D:3      | Killed Sapher's ghost
  2822 | D:3      | Found a radiant altar of Vehumet.
  3526 | D:4      | Reached skill level 9 in Axes
  3830 | D:4      | Found a hazy altar of Hepliaklqana.
  3840 | D:4      | Noticed Blork the orc
  3855 | D:4      | Killed Blork the orc
  4131 | D:4      | Reached skill level 10 in Axes
  4131 | D:4      | Reached XP level 7. HP: 49/57 MP: 7/7
  4336 | D:4      | Found a white marble altar of Elyvilon.
  4488 | D:5      | Entered Level 5 of the Dungeon
  4523 | D:5      | Reached skill level 11 in Axes
  4554 | D:5      | Noticed Edmund
  4569 | D:5      | Killed Edmund
  4647 | D:5      | Found a staircase to the Ecumenical Temple.
  4715 | D:5      | Reached skill level 12 in Axes
  4715 | D:5      | Reached XP level 8. HP: 63/64 MP: 8/8
  4719 | D:5      | Found a sand-covered staircase.
  4725 | Ossuary  | Entered an ossuary
  5004 | Ossuary  | Reached skill level 13 in Axes
  5095 | D:5      | Noticed a yak
  5095 | D:5      | Noticed a yak
  5095 | D:5      | Noticed a yak
  5095 | D:5      | Noticed a yak
  5116 | D:5      | Killed a yak
  5119 | D:5      | Killed a yak
  5120 | D:5      | Reached skill level 14 in Axes
  5131 | D:5      | Killed a yak
  5132 | D:5      | Killed a yak
  5133 | D:5      | Reached XP level 9. HP: 33/70 MP: 9/9
  5192 | D:5      | Reached skill level 15 in Axes
  5810 | D:6      | Reached skill level 5 in Fighting
  6495 | D:6      | Noticed a two-headed ogre
  6526 | D:6      | Killed a two-headed ogre
  6687 | D:6      | Reached XP level 10. HP: 88/91 MP: 10/10
  6759 | D:6      | Found a blossoming altar of Fedhas.
  6943 | D:7      | Found an iron altar of Okawaru.
  6944 | D:7      | Found a sparkling altar of Nemelex Xobeh.
  7040 | D:7      | Found a flagged portal.
  7069 | Bailey   | Entered a bailey
  7242 | Bailey   | Noticed an orc knight
  7259 | Bailey   | Slain by a gnoll

Illustrated notes

Levels and vault maps discovered:
D:1:      ldierk_walled_garden, layout_loops_cross, minmay_lizard_king
D:2:      layout_basic, dreamdust_ecumenical_altar_statues, uniq_jessica
D:3:      layout_basic, fiery_altar_vehumet, gammafunk_ghost_arena,
          lemuel_flame_loot_1, uniq_ijyb
D:4:      layout_basic, nicolae_elyvilon_temple_path,
          nicolae_hepliaklqana_hazy_memory, uniq_blork_the_orc
D:5:      layout_loops_ring, minmay_temple_entry_hall, serial_undead,
          serial_undead_d, serial_undead_a, serial_undead_a, serial_undead_f,
          serial_undead_c, serial_undead_c, serial_undead_b, enter_ossuary_3,
          uniq_edmund
D:6:      layout_basic, lemuel_tele_altar
D:7:      layout_basic, mainiacjoe_overflow_large_starburst, enter_bailey_5
Bailey:   bailey_polearm_nasty_gnolls, bailey

Skill      XL: |  1  2  3  4  5  6  7  8  9 |
---------------+----------------------------+-----
Axes           | 5 6 7 8 10 12 14 15 | 15.5
Fighting       | 9 |  9.8
Dodging        | |  2.4
Stealth        | |  1.5

Action                   |  1- 3 |  4- 6 |  7- 9 | 10-12 || total
-------------------------+-------+-------+-------+-------++-------
Melee: Hand axe          |   100 |   143 |   529 |    92 ||   864
       Mace              |       |    24 |       |       ||    24
       Punch             |       |     2 |    13 |     2 ||    17
Invok: Foxfire Swarm     |       |     3 |     3 |       ||     6
       Fiery Armour      |       |     1 |       |       ||     1
       Rising Flame      |       |     1 |       |       ||     1
  Use: Scroll            |     7 |       |     7 |     2 ||    16
 Stab: Sleeping          |     1 |       |       |       ||     1
Armor: Scale mail        |    45 |    53 |       |       ||    98
       Robe              |     1 |       |       |       ||     1
       Chain mail        |       |    19 |   249 |    37 ||   305
Dodge: Dodged            |    38 |    60 |   136 |    35 ||   269

Table legend: (Time is in decaauts)
 A = Elapsed time spent in this place.
 B = Non-inter-level travel time spent in this place.
 C = Inter-level travel time spent in this place.
 D = Time resting spent in this place.
 E = Time spent auto-exploring this place.
 F = Levels seen in this place.
 G = Mean time per level.
                   A        B        C        D        E       F      G
               +--------+--------+--------+--------+--------+-----+--------+
         Total |   7046 |   6423 |    623 |    434 |   4561 |   9 |  782.9 |
       Dungeon |   6618 |   5995 |    623 |    393 |   4385 |   7 |  945.4 |
       Ossuary |    257 |    257 |      0 |      0 |     95 |   1 |  257.0 |
        Bailey |    171 |    171 |      0 |     41 |     81 |   1 |  171.0 |
               +--------+--------+--------+--------+--------+-----+--------+

Top non-repeatable levels by time:
     D:3: 2061 daAuts
     D:6: 1095 daAuts
     D:4: 991 daAuts
     D:1: 893 daAuts
     D:5: 793 daAuts
     D:2: 591 daAuts
 Ossuary: 257 daAuts
     D:7: 191 daAuts
  Bailey: 171 daAuts
